[Event "Titled Tuesday Blitz November 29 Late 2022"]
[White "Bazeev, German"]
[Black "Al-Tarboush, Ward"]
[WhiteFideId "24119350"]
[BlackFideId "7601450"]
[WhiteElo "2493"]
[BlackElo "2273"]
[Result "1-0"]
[Round "04"]
[TimeControl "180+1"]
[Date "2022.11.30"]
[WhiteClock "0:00:06"]
[BlackClock "0:00:01"]

1. d4 d5 2. Nf3 Nf6 3. c4 c6 4. Qc2 g6 5. Bf4 Bf5 6. Qb3 Qb6 7. e3 Qxb3 8. axb3 Na6 9. c5 Nb4 10. Ra4 Nc2+ 11. Kd1 Nxd4 12. exd4 Bxb1 13. b4 Bg7 14. b5 O-O 15. bxc6 bxc6 16. Ba6 Ne4 17. Rf1 g5 18. Bc7 g4 19. Ne5 Bxe5 20. Bxe5 f6 21. Bc7 Rac8 22. Bxc8 Rxc8 23. Bf4 Bd3 24. Re1 Nxf2+ 25. Kd2 Bb5 26. Rxa7 Ne4+ 27. Ke3 Re8 28. Rea1 e5 29. Bh6 f5 30. Rg7+ Kh8 31. dxe5 d4+ 32. Kf4 Nxc5 33. Rf7 Nd3+ 34. Kg3 Nxe5 35. Rc7 f4+ 36. Bxf4 Ng6 37. Bh6 1-0


[Site "https://www.chess.com"]

[Event "Titled Tuesday Blitz November 29 Late 2022"]
[White "Bernat, David"]
[Black "Sivakumar, Shaaketh"]
[WhiteFideId "2099225"]
[BlackFideId "30940176"]
[WhiteElo "2337"]
[BlackElo "2174"]
[Result "1-0"]
[Round "04"]
[TimeControl "180+1"]
[Date "2022.11.30"]
[WhiteClock "0:01:22"]
[BlackClock "0:00:45"]

1. c4 e5 2. g3 b6 3. Bg2 Nc6 4. Nc3 Bb7 5. e3 g6 6. Nge2 Bg7 7. O-O Nge7 8. d4 O-O 9. d5 Na5 10. b3 d6 11. Bb2 c5 12. dxc6 Bxc6 13. Nd5 Nxd5 14. Bxd5 Bxd5 15. Qxd5 Qc7 16. Rfd1 Nb7 17. Ba3 Rad8 18. Nc3 a6 19. Ne4 Rd7 20. Rd2 Rfd8 21. Rad1 h6 22. b4 Kh7 23. c5 dxc5 24. Qxd7 Rxd7 25. Rxd7 Qc6 26. f3 Qa4 27. R1d3 cxb4 28. Rxb7 bxa3 29. Rxf7 Kg8 30. Rc7 Qb4 31. Rd8+ Kh7 32. Nf6# 1-0


[Site "https://www.chess.com"]

[Event "Titled Tuesday Blitz November 29 Late 2022"]
[White "Bluebaum, Matthias"]
[Black "Boruchovsky, Avital"]
[WhiteFideId "24651516"]
[BlackFideId "2800055"]
[WhiteElo "2633"]
[BlackElo "2458"]
[Result "1-0"]
[Round "04"]
[TimeControl "180+1"]
[Date "2022.11.30"]
[WhiteClock "0:00:40"]
[BlackClock "0:00:09"]

1. d4 Nf6 2. c4 g6 3. Nc3 d5 4. cxd5 Nxd5 5. e4 Nxc3 6. bxc3 Bg7 7. Nf3 O-O 8. Be2 c5 9. O-O b6 10. Be3 Qc7 11. Rc1 Ba6 12. Bxa6 Nxa6 13. Qe2 c4 14. Rb1 e6 15. Nd2 Rac8 16. h4 Qc6 17. h5 Rfd8 18. Bg5 Rd7 19. h6 f6 20. hxg7 fxg5 21. f4 gxf4 22. Rxf4 e5 23. Rf8+ Kxg7 24. Rxc8 Qxc8 25. Nxc4 exd4 26. cxd4 Rxd4 27. Qb2 Qxc4 28. Rd1 Kf7 29. Rxd4 Qc5 30. Qf2+ Ke7 31. e5 Nc7 32. Qf6+ Ke8 33. Qd8+ Kf7 34. Qd7+ Kf8 35. Qd6+ Qxd6 36. exd6 Ne6 37. Re4 Nc5 38. Re7 a5 39. Rxh7 b5 40. Rc7 Ne6 41. Rb7 b4 42. Rb5 Ke8 43. Rxa5 Kd7 44. Rb5 Kxd6 45. Rxb4 Nc5 46. Rb6+ Ke5 47. Rxg6 1-0


[Site "https://www.chess.com"]

[Event "Titled Tuesday Blitz November 29 Late 2022"]
[White "Bobkov, Vadim"]
[Black "Lopez Mulet, Inigo"]
[WhiteFideId "34110876"]
[BlackFideId "22235620"]
[WhiteElo "2172"]
[BlackElo "2289"]
[Result "1-0"]
[Round "04"]
[TimeControl "180+1"]
[Date "2022.11.30"]
[WhiteClock "0:00:55"]
[BlackClock "0:01:10"]

1. d4 Nf6 2. Nf3 b6 3. g3 Bb7 4. Bg2 e6 5. O-O Be7 6. c4 O-O 7. Nbd2 d5 8. b3 Nbd7 9. Bb2 Ne4 10. Rc1 f5 11. Ne5 Nxe5 12. dxe5 Bb4 13. Nf3 Qe7 14. Qc2 Rac8 15. Rfd1 Rfd8 16. Nd4 c5 17. Nb5 a6 18. Nd6 Nxd6 19. exd6 Rxd6 20. cxd5 exd5 21. a3 Ba5 22. Qxf5 Rf8 23. Qd3 b5 24. Rxc5 Bb6 25. Bd4 Re6 26. Bxd5 Bxd5 27. Rxd5 Bxd4 28. Qxd4 Rxe2 29. Rd7 Re1+ 30. Rxe1 Qxe1+ 31. Kg2 Rf7 32. Rd8+ Rf8 33. Qd5+ Kh8 34. Rxf8# 1-0


[Site "https://www.chess.com"]

[Event "Titled Tuesday Blitz November 29 Late 2022"]
[White "Bordi, Kevin"]
[Black "Araujo Sanchez, Josue"]
[WhiteFideId "621862"]
[BlackFideId "6416896"]
[WhiteElo "2821"]
[BlackElo "2370"]
[Result "1-0"]
[Round "04"]
[TimeControl "180+1"]
[Date "2022.11.30"]
[WhiteClock "0:00:10"]
[BlackClock "0:00:02"]

1. e4 c5 2. Nf3 e6 3. d4 cxd4 4. Nxd4 a6 5. h3 Nf6 6. Nc3 Bb4 7. Bd3 Qc7 8. O-O O-O 9. Bg5 Be7 10. a4 b6 11. Bh4 Bb7 12. Bg3 d6 13. Nb3 Nbd7 14. f4 Rfe8 15. f5 e5 16. Bf2 d5 17. exd5 Nxd5 18. Nxd5 Bxd5 19. Qe2 Qb7 20. Bg3 Bf8 21. Rad1 Nf6 22. Kh2 Ne4 23. Bh4 Bc6 24. f6 g6 25. Nd2 Nc5 26. Bc4 Nxa4 27. Rb1 b5 28. Ba2 Nc5 29. Nf3 Ne4 30. Rbe1 Rad8 31. Qe3 Qc7 32. Kh1 Rd6 33. Ng5 Nxg5 34. Bxg5 Qd8 35. Qg3 Bd5 36. Bxd5 Rxd5 37. Qh4 Qd6 38. Bh6 e4 39. Bxf8 Qxf8 40. Rxe4 Rh5 41. Qf4 Rf5 42. Rxe8 Qxe8 43. Qc1 Rxf1+ 44. Qxf1 Qe6 45. Qf4 h5 46. b4 Kh7 47. c3 Qe1+ 48. Kh2 Qxc3 49. h4 Qc4 50. Qb8 Qxh4+ 51. Kg1 Qxf6 52. Qb7 Qd4+ 53. Kh1 Kg7 54. Qxa6 Qxb4 55. Qa1+ 1-0


[Site "https://www.chess.com"]

[Event "Titled Tuesday Blitz November 29 Late 2022"]
[White "Bortnyk, Olexandr"]
[Black "Koellner, Ruben Gideon"]
[WhiteFideId "14120828"]
[BlackFideId "12993093"]
[WhiteElo "2723"]
[BlackElo "2303"]
[Result "1-0"]
[Round "04"]
[TimeControl "180+1"]
[Date "2022.11.30"]
[WhiteClock "0:00:05"]
[BlackClock "0:00:05"]

1. e4 d6 2. d4 Nf6 3. Nc3 e5 4. Nf3 Nbd7 5. Bc4 Be7 6. O-O Nb6 7. Be2 exd4 8. Qxd4 O-O 9. h3 Re8 10. Bf4 Nfd7 11. Rad1 Bf6 12. Qe3 Qe7 13. Rfe1 Ne5 14. Nxe5 Bxe5 15. Bxe5 dxe5 16. a4 a5 17. Bb5 Rf8 18. Rd2 Be6 19. Red1 Rfd8 20. b3 Rxd2 21. Rxd2 Rd8 22. Ne2 g6 23. Rxd8+ Qxd8 24. Qc3 c6 25. Bd3 Nd7 26. Kf1 Qb6 27. Ng1 Qc5 28. Qxc5 Nxc5 29. Ke2 f6 30. Kd2 Kf7 31. Ne2 Ke7 32. h4 h6 33. f3 Kd6 34. Ke3 g5 35. g3 b6 36. Nc3 Bf7 37. Bf1 Be6 38. Be2 Bf7 39. Bd3 Bg8 40. Bf1 Be6 41. Nd1 Bd7 42. Nf2 Be6 43. h5 Bf7 44. Ng4 Ke7 45. Nxh6 Bxh5 46. Bc4 Bg6 47. Ng8+ Kd6 48. Nxf6 Nd7 49. Ng4 Bh5 50. Nf2 Nc5 51. Be2 Be8 52. Nh3 g4 53. fxg4 b5 54. axb5 cxb5 55. Nf2 a4 56. bxa4 bxa4 57. Bc4 Bd7 58. Kd2 Be6 59. Bxe6 Nxe6 60. Kc3 Kc5 61. Nd3+ Kd6 62. Kb4 Ng5 63. Nf2 Nf3 64. c3 Nd2 65. g5 Nb1 66. c4 a3 67. Kb3 Nd2+ 68. Kxa3 Nxc4+ 69. Kb4 Ne3 70. Kc3 Ke6 71. Kd3 Nf1 72. Nh1 Nh2 73. Nf2 Nf3 74. g6 Ng5 75. Ng4 Nf3 76. Ke3 Nd4 77. g7 Kf7 78. Nxe5+ Kxg7 79. Kxd4 Kf6 80. Nf3 Ke6 81. e5 1-0


[Site "https://www.chess.com"]

[Event "Titled Tuesday Blitz November 29 Late 2022"]
[White "Boyer, Mahel"]
[Black "Pein, Jonathan"]
[WhiteFideId "45102422"]
[BlackFideId "417092"]
[WhiteElo "2454"]
[BlackElo "2227"]
[Result "1-0"]
[Round "04"]
[TimeControl "180+1"]
[Date "2022.11.30"]
[WhiteClock "0:01:51"]
[BlackClock "0:01:17"]

1. e4 e5 2. Nf3 d6 3. d4 exd4 4. e5 dxe5 5. Nxe5 Qe7 6. Qe2 Nd7 7. Bf4 Nxe5 8. Bxe5 c5 9. Na3 f6 10. Bg3 Bd7 11. Nc4 Qxe2+ 12. Bxe2 O-O-O 13. a4 Bc6 14. a5 Bxg2 15. Bg4+ Rd7 16. a6 Bxh1 17. f3 h5 18. Bxd7+ Kxd7 19. axb7 Bxf3 20. b8=Q Ne7 21. Rxa7+ Ke6 22. Qe8 Bd5 23. Nd6 h4 24. Qf7# 1-0


[Site "https://www.chess.com"]

[Event "Titled Tuesday Blitz November 29 Late 2022"]
[White "Calcada, Lucas Galvan"]
[Black "Sariego Figueredo, Wilfredo"]
[WhiteFideId "22746099"]
[BlackFideId "3500080"]
[WhiteElo "1523"]
[BlackElo "2309"]
[Result "1/2-1/2"]
[Round "04"]
[TimeControl "180+1"]
[Date "2022.11.30"]
[WhiteClock "0:01:00"]
[BlackClock "0:00:15"]

1. e4 c5 2. Nf3 a6 3. d4 cxd4 4. Nxd4 e5 5. Nb3 Nf6 6. Nc3 Bb4 7. Bg5 Qc7 8. Qd3 Bxc3+ 9. bxc3 d6 10. Bxf6 gxf6 11. Nd2 Be6 12. Nc4 Bxc4 13. Qxc4 Qxc4 14. Bxc4 Nd7 15. Bb3 Nc5 16. f3 Nxb3 17. cxb3 Rc8 18. c4 Rg8 19. Kf2 b5 20. cxb5 axb5 21. Rhc1 Kd7 22. g3 Rc5 23. b4 Rxc1 24. Rxc1 Ra8 25. Rc2 Ra4 26. Rb2 Ra3 27. h4 h5 28. g4 hxg4 29. fxg4 Rh3 30. Rb3 Rxh4 31. Kg3 Rh1 32. a3 Re1 33. Kf3 Rc1 34. Rd3 Ke6 35. Ke3 Rf1 36. Rd5 Rg1 37. Kf3 Ra1 38. Rxb5 Rxa3+ 39. Kf2 Rd3 40. Rb8 Ke7 41. b5 Rb3 42. b6 Rb4 43. Kf3 Rb3+ 44. Kf2 Rb4 45. Kf3 Rb3+ 46. Kf2 1/2-1/2


[Site "https://www.chess.com"]

[Event "Titled Tuesday Blitz November 29 Late 2022"]
[White "Cappelletto, Joshuaede"]
[Black "Hartikainen, Jarmo"]
[WhiteFideId "2824383"]
[BlackFideId "503134"]
[WhiteElo "2237"]
[BlackElo "2199"]
[Result "1-0"]
[Round "04"]
[TimeControl "180+1"]
[Date "2022.11.30"]
[WhiteClock "0:01:04"]
[BlackClock "0:00:08"]

1. c4 Nf6 2. Nc3 d5 3. cxd5 Nxd5 4. e4 Nxc3 5. bxc3 g6 6. d4 Bg7 7. Nf3 O-O 8. Rb1 c5 9. Be2 b6 10. O-O Bb7 11. d5 Nd7 12. h4 h6 13. Bf4 e5 14. Be3 f5 15. exf5 gxf5 16. c4 e4 17. Nh2 Qxh4 18. g3 Qf6 19. f4 a6 20. Rf2 Rab8 21. Qa4 Bc8 22. Nf1 Kh8 23. Rh2 Rg8 24. Kh1 Bf8 25. Bc1 Kh7 26. Bb2 Qd6 27. Qb3 Bg7 28. Ne3 Bxb2 29. Nxf5 Qf6 30. Rxh6+ Qxh6+ 31. Nxh6 Kxh6 32. Rxb2 Nf6 33. Qc3 Rg6 34. Qe5 Rb7 35. f5 Ng4 36. Qf4+ Kg7 37. fxg6 e3 38. Bxg4 1-0


[Site "https://www.chess.com"]

[Event "Titled Tuesday Blitz November 29 Late 2022"]
[White "Carlsen, Magnus"]
[Black "Kamsky, Gata"]
[WhiteFideId "1503014"]
[BlackFideId "2000024"]
[WhiteElo "2830"]
[BlackElo "2666"]
[Result "1-0"]
[Round "04"]
[TimeControl "180+1"]
[Date "2022.11.30"]
[WhiteClock "0:01:42"]
[BlackClock "0:00:44"]

1. e4 e5 2. Nf3 Nc6 3. Bb5 a6 4. Ba4 Nf6 5. O-O Be7 6. Re1 b5 7. Bb3 d6 8. c3 O-O 9. h3 Nb8 10. d4 Nbd7 11. Nbd2 Bb7 12. Bc2 Re8 13. a4 Bf8 14. Bd3 c6 15. Qc2 g6 16. b3 Qb6 17. Bb2 exd4 18. cxd4 d5 19. e5 Nh5 20. e6 Rxe6 21. Rxe6 fxe6 22. Bxg6 Nhf6 23. Ng5 hxg6 24. Qxg6+ Bg7 25. Nxe6 Ne8 26. Nf3 Nf8 27. Nxf8 Kxf8 28. Ng5 Kg8 29. Re1 1-0


[Site "https://www.chess.com"]

[Event "Titled Tuesday Blitz November 29 Late 2022"]
[White "Chernomordik, Pavel"]
[Black "Mgeladze, Tamaz"]
[WhiteFideId "2804530"]
[BlackFideId "13601202"]
[WhiteElo "2192"]
[BlackElo "2288"]
[Result "1-0"]
[Round "04"]
[TimeControl "180+1"]
[Date "2022.11.30"]
[WhiteClock "0:00:10"]
[BlackClock "0:00:40"]

1. e4 c5 2. Nc3 g6 3. f4 Bg7 4. Nf3 Nc6 5. Bb5 Na5 6. O-O a6 7. Be2 d6 8. a3 Nc6 9. d3 Nf6 10. h3 O-O 11. Be3 b5 12. Qd2 Bb7 13. Rae1 Nd7 14. f5 Nd4 15. Bd1 Qb6 16. Bh6 Qa5 17. Bxg7 Kxg7 18. Qg5 f6 19. Qg3 Nxf3+ 20. Bxf3 Ne5 21. Bd1 b4 22. axb4 Qxb4 23. Ne2 Qxb2 24. Nf4 g5 25. Ne6+ Kh8 26. Nxf8 Rxf8 27. Qe3 a5 28. Qd2 Ra8 29. Bh5 a4 30. Rb1 Qd4+ 31. Kh2 Bc6 32. Be2 Nc4 33. Qc1 Ne3 34. Rf3 Nd5 35. exd5 Bxd5 36. Re3 a3 37. Rxe7 a2 38. Ra1 Qf2 39. Bf1 Qd4 40. c3 Qh4 41. c4 Bc6 42. Qc3 g4 43. g3 Qh6 44. Re6 Kg7 45. Rxd6 Ra6 46. Rxc6 Rxc6 47. Rxa2 Qe3 48. Qd2 Qd4 49. Qf4 Qxf4 50. gxf4 gxh3 51. Kxh3 Rb6 52. Kg3 Kh6 53. Kf3 Rb1 54. Be2 Rh1 55. Ra5 Rh3+ 56. Ke4 Rh2 57. Bf3 Rd2 58. Rxc5 Rc2 59. Rc7 Re2+ 60. Kd4 Re4+ 61. Bxe4 1-0


[Site "https://www.chess.com"]

[Event "Titled Tuesday Blitz November 29 Late 2022"]
[White "Chigaev, Maksim"]
[Black "Milikow, Yoav"]
[WhiteFideId "4108116"]
[BlackFideId "2822237"]
[WhiteElo "2541"]
[BlackElo "2341"]
[Result "1/2-1/2"]
[Round "04"]
[TimeControl "180+1"]
[Date "2022.11.30"]
[WhiteClock "0:00:08"]
[BlackClock "0:00:26"]

1. c4 e5 2. g3 c6 3. d4 e4 4. d5 Nf6 5. Nc3 Bc5 6. Bg2 Qb6 7. Nh3 e3 8. Bxe3 Bxe3 9. fxe3 Qxe3 10. d6 O-O 11. Rf1 Na6 12. Rf3 Qe5 13. Qd2 Rb8 14. O-O-O b5 15. Rdf1 b4 16. Nd1 Ne4 17. Qe3 Qe6 18. Ng5 Qxc4+ 19. Kb1 Nxg5 20. Qxg5 b3 21. axb3 Qe4+ 22. Ka1 Nb4 23. Rxf7 Nc2+ 24. Ka2 Nb4+ 25. Ka1 Nc2+ 26. Ka2 Nb4+ 27. Ka1 1/2-1/2


[Site "https://www.chess.com"]

[Event "Titled Tuesday Blitz November 29 Late 2022"]
[White "Chirilov, James A"]
[Black "Besedes, Danilo"]
[WhiteFideId "30976677"]
[BlackFideId "946796"]
[WhiteElo "1790"]
[BlackElo "2352"]
[Result "1-0"]
[Round "04"]
[TimeControl "180+1"]
[Date "2022.11.30"]
[WhiteClock "0:00:21"]
[BlackClock "0:00:05"]

1. e4 d6 2. d4 Nf6 3. Nc3 Nbd7 4. Nf3 e5 5. Bc4 Be7 6. O-O c6 7. a4 h6 8. Re1 g5 9. h3 Qc7 10. Be3 Nf8 11. Nh2 Ng6 12. Ng4 h5 13. Nxf6+ Bxf6 14. dxe5 dxe5 15. Be2 Be6 16. Bxh5 Nf4 17. Bg4 Rd8 18. Qf3 Rh4 19. Bxe6 fxe6 20. Rad1 g4 21. Rxd8+ Bxd8 22. hxg4 Qh7 23. g3 Rh3 24. Rd1 Bb6 25. Bxb6 axb6 26. b4 Qe7 27. Rb1 Qd6 28. Ne2 Qd2 29. Nxf4 Qxc2 30. Nxh3 Qxb1+ 31. Kg2 1-0


[Site "https://www.chess.com"]

[Event "Titled Tuesday Blitz November 29 Late 2022"]
[White "Chlpik, Martin"]
[Black "Pruess, David"]
[WhiteFideId "14923351"]
[BlackFideId "2014254"]
[WhiteElo "2109"]
[BlackElo "2444"]
[Result "1-0"]
[Round "04"]
[TimeControl "180+1"]
[Date "2022.11.30"]
[WhiteClock "0:00:33"]
[BlackClock "0:00:02"]

1. d4 Nf6 2. c4 e6 3. Nc3 Bb4 4. a3 Bxc3+ 5. bxc3 O-O 6. Bg5 h6 7. Bh4 c5 8. f3 d5 9. e3 Nc6 10. cxd5 exd5 11. Bd3 Re8 12. Ne2 Rxe3 13. O-O cxd4 14. cxd4 Qd6 15. Bg3 Qe7 16. Bf2 Re6 17. Nf4 Rd6 18. Re1 Be6 19. Bg3 Nxd4 20. Qa4 Nc6 21. Bf5 Qd7 22. Nxe6 fxe6 23. Bxd6 exf5 24. Be7 Ne8 25. Bc5 Rd8 26. Rad1 Nf6 27. Bd4 Nxd4 28. Qxd4 1-0


[Site "https://www.chess.com"]

[Event "Titled Tuesday Blitz November 29 Late 2022"]
[White "Cruz Gomez, Miguel Angel"]
[Black "Ferriz Barrios, Andres"]
[WhiteFideId "5137160"]
[BlackFideId "5104467"]
[WhiteElo "2126"]
[BlackElo "2253"]
[Result "1-0"]
[Round "04"]
[TimeControl "180+1"]
[Date "2022.11.30"]
[WhiteClock "0:01:17"]
[BlackClock "0:00:33"]

1. Nf3 e6 2. c4 f5 3. g3 b6 4. Bg2 Bb7 5. O-O Nf6 6. Nc3 Bb4 7. Qc2 O-O 8. a3 Bxc3 9. Qxc3 Ne4 10. Qc2 Qe8 11. d3 Nf6 12. b4 c5 13. Bb2 cxb4 14. axb4 Nc6 15. Bc3 Rf7 16. Qb2 h6 17. Ne5 Nxe5 18. Bxb7 Rb8 19. Rxa7 Nc6 20. Bxc6 dxc6 21. Rxf7 Qxf7 22. Bxf6 Qxf6 23. Qxf6 gxf6 24. Ra1 c5 25. b5 Kg7 26. Ra7+ Kg6 27. Kg2 e5 28. Kf3 Rd8 29. Ke3 h5 30. Re7 Rd4 31. Re6 f4+ 32. Kf3 Kg5 33. h3 1-0


[Site "https://www.chess.com"]

[Event "Titled Tuesday Blitz November 29 Late 2022"]
[White "Danielyan, Vahe"]
[Black "Buchenau, Frank"]
[WhiteFideId "13304828"]
[BlackFideId "4604350"]
[WhiteElo "2423"]
[BlackElo "2157"]
[Result "1/2-1/2"]
[Round "04"]
[TimeControl "180+1"]
[Date "2022.11.30"]
[WhiteClock "0:01:41"]
[BlackClock "0:00:06"]

1. d4 e6 2. Nf3 Nf6 3. e3 b6 4. Bd3 Bb7 5. c4 c5 6. O-O g6 7. Nc3 Bg7 8. b3 O-O 9. Bb2 d6 10. Rc1 Nbd7 11. h3 Qe7 12. Re1 Rac8 13. Bb1 a6 14. e4 cxd4 15. Nxd4 Bh6 16. Rc2 Rfd8 17. Rce2 e5 18. Nd5 Nxd5 19. exd5 Qf8 20. Nf3 f5 21. Bc1 Bxc1 22. Qxc1 Bxd5 23. Ng5 Bb7 24. Ne6 Qf6 25. Nxd8 Rxd8 26. Qe3 f4 27. Qd2 f3 28. Re3 Nc5 29. g3 Ne6 30. Be4 Bxe4 31. Rxe4 Nd4 32. Qd3 b5 33. cxb5 axb5 34. Kh2 Rc8 35. Rxd4 exd4 36. Qxb5 Rc2 37. Rf1 Qe5 38. Qb8+ Kg7 39. Qb7+ Kh6 40. Qxf3 d5 41. a4 Qe4 42. Qf4+ Qxf4 43. gxf4 Rb2 44. Rd1 Rxf2+ 45. Kg3 Rb2 46. Rd3 Kg7 47. a5 Kf6 48. a6 Ra2 49. Rxd4 Rxa6 50. Rxd5 Rb6 51. Rd3 Rb4 52. Kf3 Kf5 53. Ke3 Re4+ 54. Kd2 Rxf4 55. Kc3 g5 56. b4 h5 57. b5 Rf1 58. b6 Rb1 59. Rd5+ Kf4 60. Rd4+ Kf5 61. Rb4 Rc1+ 62. Kd4 Rc8 63. Ke3 Rb8 64. b7 g4 65. h4 Ke5 66. Rb5+ Kf6 67. Kf4 Kg6 68. Rb6+ Kh7 69. Kg5 g3 70. Kxh5 g2 71. Rh6+ Kg7 72. Rg6+ Kh7 73. Rxg2 Rxb7 74. Rd2 Rg7 75. Rd6 Kh8 76. Rh6+ Kg8 77. Rb6 Kh8 78. Kh6 Rg4 79. h5 Rg8 80. Rb7 Rf8 81. Kg6 Rg8+ 82. Kf6 Re8 83. Rf7 Rg8 84. h6 Rc8 85. h7 Rc6+ 86. Kg5 Rc8 87. Kh6 Rc6+ 88. Rf6 Rc8 89. Kg5 Rd8 90. Kg6 Rc8 91. Rd6 Re8 92. Kf7 Rb8 93. Rd7 Rc8 94. Ke6 Rb8 95. Kd6 Ra8 96. Kc7 Ra7+ 97. Kc6 Rxd7 98. Kxd7 Kxh7 1/2-1/2


[Site "https://www.chess.com"]

[Event "Titled Tuesday Blitz November 29 Late 2022"]
[White "De Souza, Cristiano Gomes"]
[Black "Przybylski, Wojciech"]
[WhiteFideId "2151758"]
[BlackFideId "1117599"]
[WhiteElo "2068"]
[BlackElo "2221"]
[Result "0-1"]
[Round "04"]
[TimeControl "180+1"]
[Date "2022.11.30"]
[WhiteClock "0:00:32"]
[BlackClock "0:00:47"]

1. d4 Nf6 2. c4 e6 3. Nf3 d5 4. Nc3 c6 5. Bg5 h6 6. Bxf6 Qxf6 7. e3 h5 8. Rc1 h4 9. Ne5 Bb4 10. a3 Bxc3+ 11. Rxc3 h3 12. g3 Nd7 13. Nxd7 Bxd7 14. Be2 dxc4 15. Rxc4 e5 16. Bf3 Be6 17. Rc5 exd4 18. Qxd4 Qxd4 19. exd4 O-O-O 20. O-O Rxd4 21. Rfc1 Rhd8 22. Kf1 Rd2 23. R1c2 Kc7 24. Ke1 Rxc2 25. Rxc2 a5 26. Rd2 Re8 27. Re2 Ra8 28. Kd2 b5 29. Ke3 Kb6 30. Rc2 Rc8 31. b4 c5 32. bxc5+ Rxc5 33. Rxc5 Kxc5 34. Kd2 b4 35. axb4+ Kxb4 36. Kc2 a4 37. Be4 a3 38. f4 Bb3+ 39. Kb1 Kc3 40. Bf5 Be6 41. Bxe6 fxe6 42. g4 g6 43. Ka2 Kd3 44. Kxa3 Ke3 45. f5 exf5 46. gxf5 gxf5 0-1


[Site "https://www.chess.com"]

[Event "Titled Tuesday Blitz November 29 Late 2022"]
[White "Deac, Bogdan-Daniel"]
[Black "Czopor, Maciej"]
[WhiteFideId "1226380"]
[BlackFideId "21805431"]
[WhiteElo "2648"]
[BlackElo "2324"]
[Result "1-0"]
[Round "04"]
[TimeControl "180+1"]
[Date "2022.11.30"]
[WhiteClock "0:00:46"]
[BlackClock "0:00:22"]

1. b3 Nf6 2. Bb2 g6 3. Nf3 Bg7 4. g3 O-O 5. Bg2 d6 6. d4 Nc6 7. d5 Nb8 8. O-O e5 9. dxe6 fxe6 10. c4 Nc6 11. Nc3 e5 12. Nd5 Bg4 13. h3 Bd7 14. Qd2 Nxd5 15. cxd5 Ne7 16. Kh2 Nf5 17. e4 Bh6 18. Qe2 Ng7 19. Bc1 Bxc1 20. Raxc1 c5 21. Nd2 b5 22. f4 Qe7 23. Qe3 Nh5 24. f5 Qg7 25. Bf3 Nf6 26. g4 g5 27. Rg1 h6 28. Be2 Kf7 29. a4 a6 30. Ra1 Ke7 31. b4 c4 32. Ra3 Rfb8 33. Rga1 Qf8 34. Kg2 Qd8 35. h4 Qg8 36. axb5 axb5 37. hxg5 hxg5 38. Rxa8 Rxa8 39. Rxa8 Qxa8 40. Qxg5 Qa2 41. Qg7+ Ke8 42. Qg6+ Ke7 43. g5 Qxd2 44. Qxf6+ Ke8 45. Qh8+ Ke7 46. f6+ Kf7 47. Qg7+ Ke8 48. Qe7# 1-0


[Site "https://www.chess.com"]

[Event "Titled Tuesday Blitz November 29 Late 2022"]
[White "Di Berardino, Diego Rafael"]
[Black "Romero Ruscalleda, Josep"]
[WhiteFideId "2105446"]
[BlackFideId "2231859"]
[WhiteElo "2442"]
[BlackElo "2183"]
[Result "1-0"]
[Round "04"]
[TimeControl "180+1"]
[Date "2022.11.30"]
[WhiteClock "0:00:41"]
[BlackClock "0:00:10"]

1. e4 g6 2. d4 Bg7 3. Nc3 d6 4. f4 a6 5. Nf3 b5 6. Bd3 Nd7 7. O-O c5 8. a4 cxd4 9. Ne2 bxa4 10. Nexd4 Ngf6 11. Rxa4 Nc5 12. Ra3 Nfxe4 13. Bxe4 Nxe4 14. Re1 Bb7 15. Rb3 Nc5 16. Rbe3 Bf6 17. b4 Ne6 18. Nxe6 fxe6 19. Nd4 Bd5 20. Nxe6 Bxe6 21. Rxe6 O-O 22. Be3 Qc8 23. Qd5 Kg7 24. Bd4 Qxc2 25. Rxe7+ Kh8 26. Bxf6+ Rxf6 27. Qxa8+ 1-0


[Site "https://www.chess.com"]

[Event "Titled Tuesday Blitz November 29 Late 2022"]
[White "Dias, Joao Batista"]
[Black "Bettalli, Francesco"]
[WhiteFideId "2108240"]
[BlackFideId "2816453"]
[WhiteElo "1898"]
[BlackElo "2216"]
[Result "0-1"]
[Round "04"]
[TimeControl "180+1"]
[Date "2022.11.30"]
[WhiteClock "0:00:18"]
[BlackClock "0:02:02"]

1. e4 e5 2. Nf3 Nf6 3. Nc3 Bc5 4. Be2 O-O 5. O-O d6 6. d3 Nbd7 7. Bg5 c6 8. a3 Re8 9. Qd2 Nf8 10. h3 Ng6 11. Bxf6 Qxf6 12. Qg5 Qxg5 13. Nxg5 h6 14. Nf3 Nf4 15. Rfe1 b5 16. Bf1 g5 17. Nh2 h5 18. Ne2 Ne6 19. Ng3 Nf4 20. Ne2 Ne6 21. Ng3 Ng7 22. Kh1 Bxf2 23. Ne2 Bxe1 24. Rxe1 Ne6 25. g3 Nd4 26. Nxd4 exd4 27. Be2 h4 28. Kg2 hxg3 29. Kxg3 Kg7 30. Rf1 d5 31. Bf3 dxe4 32. Bxe4 Bd7 33. Ng4 Bxg4 34. Kxg4 Re5 35. Bxc6 Rc8 36. Be4 Rxc2 37. b4 Rc3 38. h4 gxh4 39. Kxh4 Rxa3 40. Rg1+ Kf6 41. Rg8 a5 42. bxa5 Rxa5 43. Rd8 Ra4 44. Kg4 Ke6 45. Kf4 f6 46. Rb8 Ra1 47. Rb6+ Kf7 48. Rb7+ Re7 49. Rxb5 Rf1+ 50. Kg4 Rc7 51. Rb4 Rc5 52. Rxd4 f5+ 53. Bxf5 Rfxf5 0-1


[Site "https://www.chess.com"]

[Event "Titled Tuesday Blitz November 29 Late 2022"]
[White "Djordjevic, Vuk"]
[Black "Ezat, Mohamed"]
[WhiteFideId "902098"]
[BlackFideId "10600906"]
[WhiteElo "2456"]
[BlackElo "2386"]
[Result "0-1"]
[Round "04"]
[TimeControl "180+1"]
[Date "2022.11.30"]
[WhiteClock "0:00:02"]
[BlackClock "0:00:10"]

1. d4 Nf6 2. Bg5 d5 3. Bxf6 exf6 4. e3 c6 5. c4 dxc4 6. Bxc4 Bd6 7. Nc3 O-O 8. Nf3 f5 9. O-O Nd7 10. Rb1 Nf6 11. b4 Ne4 12. Qd3 Qe7 13. b5 Rd8 14. bxc6 bxc6 15. Nd2 Nxc3 16. Qxc3 c5 17. dxc5 Bxc5 18. Nb3 Bb6 19. Na5 Bd7 20. Ba6 Rab8 21. Nc6 Bxc6 22. Qxc6 Rd2 23. Bc4 Rbd8 24. Qf3 g6 25. Bb3 Kg7 26. Rbc1 Qe5 27. g3 h5 28. h4 R8d3 29. Rce1 Rc3 30. Re2 Rxe2 31. Qxe2 Bxe3 32. fxe3 Rxe3 33. Qf2 Rxg3+ 34. Kh2 Rf3+ 35. Kg2 Rxf2+ 36. Rxf2 Qe4+ 37. Kg1 Qxh4 38. Rc2 Qg3+ 39. Kf1 h4 40. Rg2 Qf3+ 41. Kg1 h3 42. Rc2 Qg3+ 43. Kh1 f4 44. Bd5 f3 45. a4 f2 46. Rc1 Qf4 47. Rf1 Qg3 48. Ba8 f5 49. a5 f4 50. a6 f3 51. Bxf3 Qxf3+ 52. Kh2 Qg2# 0-1


[Site "https://www.chess.com"]

[Event "Titled Tuesday Blitz November 29 Late 2022"]
[White "Donchenko, Alexander"]
[Black "O`Gorman, Tom"]
[WhiteFideId "24603295"]
[BlackFideId "2508249"]
[WhiteElo "2572"]
[BlackElo "2271"]
[Result "1-0"]
[Round "04"]
[TimeControl "180+1"]
[Date "2022.11.30"]
[WhiteClock "0:02:21"]
[BlackClock "0:01:28"]

1. c4 Nf6 2. g3 g6 3. Bg2 Bg7 4. Nc3 O-O 5. d4 d6 6. Nf3 Nc6 7. O-O e5 8. dxe5 dxe5 9. Qxd8 Rxd8 10. Bg5 h6 11. Bxf6 Bxf6 12. Nd5 Bg7 13. Nxc7 Rb8 14. e4 Bg4 15. Nd5 Bxf3 16. Bxf3 Bf8 17. Rfd1 Nd4 18. Kg2 Kg7 19. b4 b6 20. Rac1 Rbc8 21. Bg4 f5 22. exf5 gxf5 23. Bh3 Kg6 24. a3 Rc6 25. Ne3 Bg7 26. Nxf5 Rc7 27. c5 bxc5 28. Rxc5 Rxc5 29. bxc5 Bf8 30. Nxd4 Rxd4 31. Rxd4 exd4 32. c6 Bd6 33. Kf3 Bc7 34. Ke4 Bb6 35. Bf1 Kf6 36. f4 Ke6 37. g4 Kd6 38. Bb5 Kc5 39. a4 a6 40. Bxa6 Kxc6 41. h4 Kd6 42. g5 hxg5 43. hxg5 Ke6 44. f5+ Kf7 45. Bc4+ Kf8 46. f6 1-0


[Site "https://www.chess.com"]